 Dungeon Crawl Stone Soup version 0.27-a0-155-g177a798329 (webtiles) character file.

Game seed: 6031905488220655068

6559 vurker the Slinger (level 11, -5/74 HPs)
             Began as a Halfling Hunter on Jan 27, 2021.
             Was an Elder of Okawaru.
             Killed from afar by a gargoyle (17 damage)
             ... with a stone arrow
             ... on level 10 of the Dungeon.
             The game lasted 00:15:54 (9288 turns).

vurker the Slinger (Halfling Hunter)                Turns: 9288, Time: 00:15:55

Health: -5/74      AC: 16    Str: 16    XL:     11   Next: 20%
Magic:  13/15      EV: 13    Int:  9    God:    Okawaru [****..]
Gold:   104        SH:  9    Dex: 16    Spells: 10/10 levels left

rFire    . . .     SeeInvis .   a - +2 hunting sling
rCold    . . .     Faith    .   e - +1 buckler
rNeg     + . .     Spirit   .   o - +0 plate armour
rPois    .         Reflect  .   B - +0 helmet
rElec    .         Harm     .   (no cloak)
rCorr    .         Rampage  .   (no gloves)
Will     .....                  (no boots)
Stlth    ..........             y - amulet of regeneration
HPRegen  0.62/turn              (no ring)
MPRegen  0.14/turn              i - ring of positive energy

@: heroism
A: small, mutation resistance 1
a: Renounce Religion, Heroism


You were on level 10 of the Dungeon.
You worshipped Okawaru.
Okawaru was greatly pleased with you.
You visited 2 branches of the dungeon, and saw 11 of its levels.

You collected 541 gold pieces.
You spent 437 gold pieces at shops.

Inventory:

Hand Weapons
 a - a +2 hunting sling (weapon)
 b - a +0 short sword
Missiles
 d - 112 sling bullets (quivered ammo)
 g - 91 stones
Armour
 e - a +1 buckler (worn)
   (You found it on level 1 of the Dungeon)
 o - a +0 plate armour (worn)
   (You took it off an orc warrior on level 6 of the Dungeon)
 v - a +2 leather armour of fire resistance
   (You took it off Ijyb on level 5 of the Dungeon)
 B - a +0 helmet (worn)
   (You found it on level 9 of the Dungeon)
Jewellery
 i - a ring of positive energy (right hand)
   (You found it on level 1 of the Dungeon)
 k - an uncursed ring of fire
   (You found it on level 2 of the Dungeon)
 y - an amulet of regeneration (around neck)
   (You bought it in a shop on level 8 of the Dungeon)
 z - an uncursed ring of protection from fire
   (You took it off a gnoll sergeant on level 8 of the Dungeon)
Wands
 p - a wand of mindburst (12)
   (You took it off a gnoll on level 9 of the Dungeon)
 u - a wand of paralysis (7)
   (You found it on level 9 of the Dungeon)
Scrolls
 j - 2 scrolls of teleportation
 l - 3 scrolls of remove curse
 m - a scroll of identify
 n - a scroll of blinking
 w - 2 scrolls of random uselessness {unknown}
Potions
 c - 3 potions of mutation
 f - 5 potions of curing
 h - 2 potions of lignification
 q - 2 potions of attraction
 r - 4 potions of might
 t - a potion of degeneration {unknown}
 x - a potion of haste {unknown}
 A - a potion of flight


   Skills:
 + Level 6.8(11.8) Fighting
 * Level 14.9(19.9) Slings
 + Level 5.5(10.5) Armour
 + Level 6.0(11.0) Dodging
 - Level 1.1(6.1) Stealth
 - Level 5.6(10.6) Shields
 + Level 5.7 Invocations


You had 10 spell levels left.
You didn't know any spells.
Your spell library contained the following spells:

 Spells                   Type           Power        Failure   Level
 Corona                   Hex            0%           100%        1
 Sandblast                Erth           0%           100%        1
 Ensorcelled Hibernation  Hex/Ice        0%           100%        2
 Passwall                 Tmut/Erth      0%           100%        2
 Poisonous Vapours        Pois/Air       0%           100%        2
 Confusing Touch          Hex            0%           100%        3
 Conjure Flame            Conj/Fire      0%           100%        3
 Dazzling Flash           Conj/Hex       0%           100%        3
 Mephitic Cloud           Conj/Pois/Air  0%           100%        3
 Stone Arrow              Conj/Erth      0%           100%        3
 Tukima's Dance           Hex            0%           100%        3
 Petrify                  Tmut/Erth      0%           100%        4
 Lee's Rapid Deconstruct  Erth           0%           100%        5
 Freezing Cloud           Conj/Ice/Air   0%           100%        6


Dungeon Overview and Level Annotations

Branches:
Dungeon (10/15)            Temple (1/1) D:6
   Lair: D:8-11         Orc: D:9-12

Altars:
Cheibriados
Dithmenos
Elyvilon
Fedhas
Gozag
Hepliaklqana
Makhleb
Nemelex Xobeh
Okawaru
Qazlal
Ru
Sif Muna
Trog
Wu Jian
Zin
The Shining One

Shops:
D:8 *   D:9 [


Innate Abilities, Weirdness & Mutations

You are small and have problems with some larger weapons.
You are somewhat resistant to further mutation.


Message History

You shoot a stone.
The stone hits the gargoyle but does no damage.
You shoot a stone.
The stone hits the gargoyle but does no damage.
The gargoyle closely misses you.
You shoot a stone.
The stone hits the gargoyle but does no damage.
You shoot a stone.
The stone hits the gargoyle but does no damage.
The gargoyle hurls a stone arrow at you.
The stone arrow hits you!!
You shoot a stone. The stone barely misses the gargoyle.
You shoot a stone.
The stone hits the gargoyle but does no damage.
The gargoyle hurls a stone arrow at you.
The stone arrow hits you!
You shoot a stone.
The stone hits the gargoyle but does no damage.
You shoot a stone.
The stone hits the gargoyle but does no damage.
The gargoyle hits you with a +0 mace!
* * * LOW HITPOINT WARNING * * *
Fire: 117 sling bullets
Aim: a gargoyle, wielding a +0 mace (moderately damaged, 82% to hit)
You shoot a sling bullet.
The sling bullet hits the gargoyle but does no damage.
You gain the combat prowess of a mighty hero.
The gargoyle hits you but does no damage.
Fire: 116 sling bullets
Aim: a gargoyle, wielding a +0 mace (moderately damaged, 83% to hit)
You shoot a sling bullet. The sling bullet hits the gargoyle.
The gargoyle hurls a stone arrow at you.
The stone arrow hits you!
* * * LOW HITPOINT WARNING * * *
Fire: 115 sling bullets
Aim: a gargoyle, wielding a +0 mace (moderately damaged, 82% to hit)
You shoot a sling bullet. The sling bullet hits the gargoyle!
Fire: 114 sling bullets
Aim: a gargoyle, wielding a +0 mace (severely damaged, 83% to hit)
You shoot a sling bullet.
The sling bullet completely misses the gargoyle.
The gargoyle hurls a stone arrow at you.
The stone arrow hits you!
* * * LOW HITPOINT WARNING * * *
Fire: 113 sling bullets
Aim: a gargoyle, wielding a +0 mace (severely damaged, 83% to hit)
You shoot a sling bullet. The sling bullet hits the gargoyle.
The gargoyle hurls a stone arrow at you.
The stone arrow hits you!
You die...

#....##.......
###.##..#.......
#...###.'.......
#####.#.#
###.......
#.....#.# #.......
#.#####.# #.......
#.#.....# ###'####
#..###### #..#
##.@((# ##.##
#.9...(... #..#
#.(....(.: ##.#
#..((...(. #.#
#...(..... #.#
#....(.... #.#
#....(..(.######.##
#.(.......+.....))†
######)##


You could see a gargoyle.

Vanquished Creatures
  2 two-headed ogres (D:8)
  Pikel (D:7)
  Psyche (D:8)
  Eustachio (D:6)
  A water moccasin (D:7)
  2 orc warriors
  An ice beast (D:5)
  3 sky beasts
  A black bear (D:8)
  3 ogres
  6 centaurs
  A lemure (D:7)
  2 big kobolds
  2 gnoll sergeants
  3 bullfrogs
  3 scorpions
  8 killer bees
  8 wights
  A howler monkey (D:7)
  2 bullfrog zombies
  A crimson imp (D:5)
  A quasit (D:5)
  A centaur skeleton (D:5)
  3 hounds
  2 jellies
  4 orc priests
  13 orc wizards
  A bullfrog skeleton (D:7)
  An iguana (D:4)
  Ijyb (D:5)
  14 worker ants
  A hound zombie (D:5)
  10 gnolls
  9 adders
  2 shadow imps
  2 white imps
  5 ufetubi
  An ooze (D:4)
  An adder zombie (D:8)
  3 adder skeletons
  A worm (D:3)
  A dart slug (D:1)
  4 leopard geckos
  29 orcs
  4 ball pythons
  4 giant cockroaches
  7 hobgoblins
  6 jackals (D:2)
  3 quokkas
  10 bats
  5 frilled lizards
  6 goblins
  18 kobolds
  A leopard gecko skeleton (D:4)
  8 rats
235 creatures vanquished.

Notes
Turn   | Place    | Note
-------+----------+-------------------------------------------
     0 | D:1      | vurker the Halfling Hunter began the quest for the Orb.
     0 | D:1      | Reached XP level 1. HP: 14/14 MP: 1/1
    79 | D:1      | Reached skill level 6 in Slings
   167 | D:1      | Reached XP level 2. HP: 19/19 MP: 2/2
   570 | D:1      | Reached skill level 1 in Shields
   658 | D:1      | Reached XP level 3. HP: 24/24 MP: 3/3
  1047 | D:2      | Reached XP level 4. HP: 29/29 MP: 4/4
  1151 | D:2      | Reached skill level 7 in Slings
  1159 | D:2      | Found a sacrificial altar of Ru.
  1955 | D:3      | Reached XP level 5. HP: 35/35 MP: 5/5
  2003 | D:3      | Found an ornate altar of the Wu Jian Council.
  2204 | D:4      | Noticed an ogre
  2215 | D:4      | Killed an ogre
  2216 | D:4      | Reached skill level 8 in Slings
  2216 | D:4      | Reached XP level 6. HP: 41/41 MP: 6/6
  3045 | D:4      | Reached skill level 9 in Slings
  3045 | D:4      | Reached XP level 7. HP: 22/46 MP: 7/7
  3429 | D:5      | Entered Level 5 of the Dungeon
  3801 | D:5      | Noticed Ijyb
  3822 | D:5      | Killed Ijyb
  3880 | D:5      | Got a dazzling war axe
  4264 | D:5      | Reached skill level 10 in Slings
  4509 | D:5      | Reached XP level 8. HP: 53/54 MP: 8/8
  5182 | D:6      | Reached skill level 11 in Slings
  5274 | D:6      | Found a staircase to the Ecumenical Temple.
  5294 | D:6      | Reached skill level 5 in Shields
  5360 | Temple   | Entered the Ecumenical Temple
  5386 | Temple   | Became a worshipper of Warmaster Okawaru
  5428 | D:6      | Noticed Eustachio
  5443 | D:6      | Killed Eustachio
  5444 | D:6      | Reached skill level 1 in Invocations
  5647 | D:6      | Reached XP level 9. HP: 60/60 MP: 8/10
  5867 | D:6      | Reached skill level 5 in Fighting
  6008 | D:7      | Reached skill level 12 in Slings
  6008 | D:7      | Reached skill level 1 in Armour
  6081 | D:7      | Noticed Pikel
  6096 | D:7      | Killed Pikel
  6096 | D:7      | Reached * piety under Okawaru
  6291 | D:7      | Reached ** piety under Okawaru
  6812 | D:8      | Reached skill level 13 in Slings
  6812 | D:8      | Reached XP level 10. HP: 65/68 MP: 12/12
  6820 | D:8      | Noticed a two-headed ogre
  6834 | D:8      | Killed a two-headed ogre
  6847 | D:8      | Noticed Psyche
  6858 | D:8      | Killed Psyche
  6864 | D:8      | Reached *** piety under Okawaru
  7226 | D:8      | Found Akhygir's Assorted Antiques.
  7320 | D:8      | Bought a murky yellow potion for 30 gold pieces
  7320 | D:8      | Bought a dented brass amulet for 170 gold pieces
  7372 | D:8      | Reached skill level 5 in Dodging
  7378 | D:8      | Reached skill level 14 in Slings
  7765 | D:9      | Received a gift from Okawaru
  7857 | D:9      | Noticed a two-headed ogre
  7901 | D:8      | Killed a two-headed ogre
  7901 | D:8      | Reached **** piety under Okawaru
  7902 | D:8      | Reached skill level 5 in Armour
  7902 | D:8      | Reached skill level 5 in Invocations
  7902 | D:8      | Reached XP level 11. HP: 20/74 MP: 12/14
  8140 | D:9      | Found Leuzxox's Antique Armour Boutique.
  8149 | D:9      | Bought a jewelled helmet for 237 gold pieces
  8154 | D:9      | Identified the +0 helmet of Dyspraxia {rC- Dex+6} (You
                  | bought it in a shop on level 9 of the Dungeon)
  8832 | D:10     | Entered Level 10 of the Dungeon
  9264 | D:10     | Received a gift from Okawaru
  9288 | D:10     | Killed from afar by a gargoyle

Illustrated notes

Levels and vault maps discovered:
D:1:      dpeg_arrival_rooms_with_view, layout_loops_corners, corner_web_ring
D:2:      layout_rooms, hangedman_ru_absence
D:3:      layout_rooms, nzn_wu_jian_council_hall
D:4:      layout_loops_ring
D:5:      layout_loops_ring, portal_sewer_entry_d, minmay_fire_ice_demons,
          uniq_ijyb
D:6:      layout_basic, minmay_temple_entry_junction_2, uniq_eustachio
D:7:      layout_rooms, uniq_pikel
D:8:      layout_rooms, serial_shops, nicolae_shop_overgrown_old_shop,
          uniq_psyche
D:9:      layout_rooms, serial_shops, shop
D:10:     layout_roguey, st_stairs_14, xom_shifter_show
Temple:   grunt_wide_crystal_templ

Skill      XL: |  1  2  3  4  5  6  7  8  9 10 11 |
---------------+----------------------------------+-----
Slings         | 6 7 8 9 10 11 13 14 | 14.9
Fighting       | 2 3 4 5 6 |  6.8
Shields        | 1 2 3 4 5 |  5.6
Invocations    | 1 3 5 |  5.7
Armour         | 3 5 |  5.5
Dodging        | 3 5 6 |  6.0
Stealth        | |  1.1

Action                   |  1- 3 |  4- 6 |  7- 9 | 10-12 || total
-------------------------+-------+-------+-------+-------++-------
 Fire: Hunting sling     |    80 |   190 |   477 |   489 ||  1236
Invok: Heroism           |       |       |       |     4 ||     4
  Use: Scroll            |       |       |    12 |     7 ||    19
Armor: Leather armour    |       |    13 |       |       ||    13
       Scale mail        |       |     5 |    40 |       ||    45
       Plate armour      |       |       |    15 |    86 ||   101
Dodge: Dodged            |    10 |    37 |    65 |    86 ||   198
Block: Buckler           |     1 |    14 |    37 |    73 ||   125

Table legend: (Time is in decaauts)
 A = Elapsed time spent in this place.
 B = Non-inter-level travel time spent in this place.
 C = Inter-level travel time spent in this place.
 D = Time resting spent in this place.
 E = Time spent auto-exploring this place.
 F = Levels seen in this place.
 G = Mean time per level.
                   A        B        C        D        E       F      G
               +--------+--------+--------+--------+--------+-----+--------+
         Total |   8920 |   8618 |    302 |    498 |   6189 |  11 |  810.9 |
       Dungeon |   8884 |   8590 |    294 |    498 |   6169 |  10 |  888.4 |
        Temple |     35 |     27 |      8 |      0 |     20 |   1 |   35.0 |
               +--------+--------+--------+--------+--------+-----+--------+

Top non-repeatable levels by time:
     D:5: 1475 daAuts
     D:4: 1245 daAuts
     D:7: 1078 daAuts
     D:9: 967 daAuts
     D:6: 959 daAuts
     D:1: 953 daAuts
     D:8: 795 daAuts
     D:3: 667 daAuts
     D:2: 530 daAuts
    D:10: 212 daAuts
  Temple: 35 daAuts
